SAAA
PAWNEE PARKSNREC @ NAPERVILLE BATTLEKINGS
05/26/2028
 
TOP OF THE 1ST
Pawnee ParksNRec batting - Pitching for Naperville Battlekings : RHP Tom McKee
Pitching: RHP Tom McKee
Batting: SHB Dennis Barraclough 0-0: Ball
1-0: Ball
2-0: Called Strike
2-1: Ball
3-1: Foul Ball, location: 2F
3-2: Base on Balls
Batting: RHB Ronald Hines 0-0: Called Strike
0-1: Called Strike
0-2: Ball
1-2: Foul Ball, location: 2F
1-2: Strikes out swinging
Batting: LHB Sal Bradshaw 0-0: Called Strike
Dennis Barraclough is caught stealing 2nd base
0-1: Called Strike
0-2: Strikes out swinging
Top of the 1st over - 0 run(s), 0 hit(s), 0 error(s), 0 left on base; Pawnee 0 - Naperville 0
BOTTOM OF THE 1ST
Naperville Battlekings batting - Pitching for Pawnee ParksNRec : LHP Luis Cuero
Pitching: LHP Luis Cuero
Batting: RHB Sergio Pérez 0-0: Ball
1-0: Swinging Strike
1-1: Swinging Strike
1-2: Ball
2-2: Ball
3-2: Foul Ball, location: 2F
3-2: Base on Balls
Batting: LHB Curtis Peters 0-0: Ball
1-0: Called Strike
1-1: Swinging Strike
1-2: Ball
2-2: Ball
3-2: Strikes out looking
Batting: RHB Jorge Baker 0-0: Swinging Strike
0-1: Ball
1-1: Ball
2-1: Swinging Strike
2-2: Ball
3-2: SINGLE (Line Drive, 6MD)
Sergio Pérez to second
Batting: RHB Ángel Rivera 0-0: Called Strike
Sergio Pérez is caught stealing 3rd base
Jorge Baker to second
0-1: Ground out 5-3 (Groundball, 56)
Bottom of the 1st over - 0 run(s), 1 hit(s), 0 error(s), 1 left on base; Pawnee 0 - Naperville 0
TOP OF THE 2ND
Pawnee ParksNRec batting - Pitching for Naperville Battlekings : RHP Tom McKee
Batting: SHB Júlio Camacho 0-0: Ball
1-0: Called Strike
1-1: Ball
2-1: Ball
3-1: Base on Balls
Batting: LHB Tom Benjamin 0-0: Foul Ball, location: 2F
0-1: Called Strike
0-2: Foul Ball, location: 2F
0-2: Strikes out looking
Batting: RHB Daryl Moran 0-0: Ball
1-0: Called Strike
1-1: Swinging Strike
1-2: Foul Ball, location: 2F
1-2: Ball
2-2: Strikes out swinging
Batting: LHB Felipe Trujillo 0-0: Called Strike
0-1: Ball
Pickoff Throw to First - Error! E1
Júlio Camacho to second
1-1: Fly out, F7 (Flyball, 7S)
Top of the 2nd over - 0 run(s), 0 hit(s), 1 error(s), 1 left on base; Pawnee 0 - Naperville 0
BOTTOM OF THE 2ND
Naperville Battlekings batting - Pitching for Pawnee ParksNRec : LHP Luis Cuero
Batting: LHB Joe Cashmore 0-0: Ground out 3-1 (Groundball, 34)
Batting: RHB António Guzmán 0-0: DOUBLE (Line Drive, 7D)
Batting: RHB Zeus Preckwinkle 0-0: Ball
1-0: Ball
2-0: Ball
3-0: Base on Balls
Batting: RHB Matt Love 0-0: Foul Ball, location: 2F
0-1: Foul Ball, location: 2F
0-2: Foul Ball, location: 2F
0-2: Foul Ball, location: 2F
0-2: Foul Ball, location: 2F
0-2: Ball
1-2: Ball
2-2: Ball
3-2: Foul Ball, location: 2F
3-2: Foul Ball, location: 2F
3-2: Fly out, F9 (Flyball, 9)
Batting: RHB Pancho Núńez 0-0: Called Strike
0-1: Called Strike
0-2: Ball
1-2: Strikes out looking
Bottom of the 2nd over - 0 run(s), 1 hit(s), 0 error(s), 2 left on base; Pawnee 0 - Naperville 0
TOP OF THE 3RD
Pawnee ParksNRec batting - Pitching for Naperville Battlekings : RHP Tom McKee
Batting: SHB Enrique Costello 0-0: Ball
1-0: Called Strike
1-1: Foul Ball, location: 2F
1-2: Foul Ball, location: 2F
1-2: Strikes out looking
Batting: SHB Vicente Pueblo 0-0: Called Strike
0-1: Foul Ball, location: 2F
0-2: Ball
1-2: Strikes out swinging
Batting: SHB Dennis Barraclough 0-0: SOLO HOME RUN (Flyball, 89XD), Distance : 399 ft
Batting: RHB Ronald Hines 0-0: Ball
1-0: Ball
2-0: Fly out, F8 (Flyball, 78M)
Top of the 3rd over - 1 run(s), 1 hit(s), 0 error(s), 0 left on base; Pawnee 1 - Naperville 0
BOTTOM OF THE 3RD
Naperville Battlekings batting - Pitching for Pawnee ParksNRec : LHP Luis Cuero
Batting: RHB Sergio Pérez 0-0: Swinging Strike
0-1: Ball
1-1: Ground out 6-3 (Groundball, 6)
Batting: LHB Curtis Peters 0-0: Ball
1-0: SINGLE (Line Drive, 6D)
Batting: RHB Jorge Baker 0-0: Ball
1-0: Ball
2-0: Ball
3-0: Base on Balls
Curtis Peters to second
Batting: RHB Ángel Rivera 0-0: Ball
1-0: Foul Ball, location: 2F
1-1: Ball
2-1: Ball
3-1: 3-RUN HOME RUN (Flyball, 78XD), Distance : 423 ft
Batting: LHB Joe Cashmore 0-0: Ball
1-0: Foul Ball, location: 2F
1-1: Ball
2-1: Ground out 4-3 (Groundball, 4)
Batting: RHB António Guzmán 0-0: Ball
1-0: Foul Ball, location: 2F
1-1: Swinging Strike
1-2: Strikes out swinging
Bottom of the 3rd over - 3 run(s), 2 hit(s), 0 error(s), 0 left on base; Pawnee 1 - Naperville 3
TOP OF THE 4TH
Pawnee ParksNRec batting - Pitching for Naperville Battlekings : RHP Tom McKee
Batting: LHB Sal Bradshaw 0-0: Ball
1-0: Called Strike
1-1: Called Strike
1-2: Ball
2-2: Foul Ball, location: 2F
2-2: Ball
3-2: Fly out, F6 (Popup, 6D)
Batting: SHB Júlio Camacho 0-0: Called Strike
0-1: SINGLE (Line Drive, 78S)
Batting: LHB Tom Benjamin 0-0: Ball
1-0: Called Strike
1-1: Ball
2-1: SINGLE (Groundball, 4D)
Júlio Camacho to second
Runner from 2nd tries for 3rd, SAFE, throw made to third
Tom Benjamin to second
Batting: RHB Daryl Moran 0-0: Called Strike
0-1: Called Strike
0-2: Ball
1-2: Strikes out swinging
Batting: LHB Felipe Trujillo 0-0: Foul Ball, location: 2F
0-1: Reached via error on a dropped throw, E3
Júlio Camacho scores
Tom Benjamin to third
Batting: SHB Enrique Costello 0-0: Ball
1-0: Ball
2-0: Ball
3-0: Base on Balls
Felipe Trujillo to second
Batting: SHB Vicente Pueblo 0-0: Foul Ball, location: 2F
0-1: Foul Ball, location: 2F
0-2: Ball
1-2: Ball
2-2: Foul Ball, location: 2F
2-2: Ball
3-2: Base on Balls
Tom Benjamin scores
Felipe Trujillo to third
Enrique Costello to second
Batting: SHB Dennis Barraclough 0-0: Ball
1-0: Called Strike
1-1: Ball
2-1: Foul Ball, location: 2F
2-2: Foul Ball, location: 2F
2-2: GRAND SLAM HOME RUN (Flyball, 89XD), Distance : 408 ft
Batting: RHB Ronald Hines 0-0: Swinging Strike
0-1: Foul Ball, location: 2F
0-2: Ball
1-2: Strikes out swinging, 2-3 out at first.
Top of the 4th over - 6 run(s), 3 hit(s), 1 error(s), 0 left on base; Pawnee 7 - Naperville 3
BOTTOM OF THE 4TH
Naperville Battlekings batting - Pitching for Pawnee ParksNRec : LHP Luis Cuero
Batting: RHB Zeus Preckwinkle 0-0: Swinging Strike
0-1: Called Strike
0-2: Ground out 6-3 (Groundball, 6MS)
Batting: RHB Matt Love 0-0: SINGLE (Groundball, 6MD)
Batting: RHB Pancho Núńez 0-0: Ball
Matt Love is caught stealing 2nd base
1-0: Swinging Strike
1-1: SINGLE (Line Drive, 7LM)
Batting: RHB Sergio Pérez 0-0: Ball
1-0: Fly out, F7 (Flyball, 7LS)
Bottom of the 4th over - 0 run(s), 2 hit(s), 0 error(s), 1 left on base; Pawnee 7 - Naperville 3
TOP OF THE 5TH
Pawnee ParksNRec batting - Pitching for Naperville Battlekings : RHP Tom McKee
Pitching: RHP Juan Martínez
Batting: LHB Sal Bradshaw 0-0: Ball
1-0: Swinging Strike
1-1: Foul Ball, location: 2F
1-2: Foul Ball, location: 2F
1-2: Foul Ball, location: 2F
1-2: Ball
2-2: Ball
3-2: Foul Ball, location: 2F
3-2: Base on Balls
Batting: SHB Júlio Camacho 0-0: Foul Ball, location: 2F
0-1: Foul Ball, location: 2F
0-2: Ball
1-2: Foul Ball, location: 2F
1-2: Ground out U3 (Groundball, 3)
Sal Bradshaw to second
Batting: LHB Tom Benjamin 0-0: Called Strike
0-1: Ball
1-1: Ground out 4-3 (Groundball, 4)
Sal Bradshaw to third
Batting: RHB Daryl Moran 0-0: Ball
1-0: Ball
2-0: SINGLE (Line Drive, 6MD)
Sal Bradshaw scores
Batting: LHB Felipe Trujillo 0-0: Called Strike
0-1: Ball
Daryl Moran is caught stealing 2nd base
Top of the 5th over - 1 run(s), 1 hit(s), 0 error(s), 0 left on base; Pawnee 8 - Naperville 3
BOTTOM OF THE 5TH
Naperville Battlekings batting - Pitching for Pawnee ParksNRec : LHP Luis Cuero
Batting: LHB Curtis Peters 0-0: Ball
1-0: Ball
2-0: SINGLE (Flyball, 78S)
Batting: RHB Jorge Baker 0-0: Ball
1-0: Foul Ball, location: 2F
1-1: SINGLE (Line Drive, 8LS)
Curtis Peters to second
Batting: RHB Ángel Rivera 0-0: Called Strike
0-1: Ball
1-1: Foul Ball, location: 2F
1-2: Ball
2-2: Strikes out swinging
Batting: LHB Joe Cashmore 0-0: Grounds into double play, 4-6-3 (Groundball, 4)
Bottom of the 5th over - 0 run(s), 2 hit(s), 0 error(s), 1 left on base; Pawnee 8 - Naperville 3
TOP OF THE 6TH
Pawnee ParksNRec batting - Pitching for Naperville Battlekings : RHP Juan Martínez
Batting: LHB Felipe Trujillo 0-0: Called Strike
0-1: Ball
1-1: Foul Ball, location: 2F
1-2: DOUBLE (Line Drive, 8LD)
Batting: SHB Enrique Costello 0-0: Swinging Strike
0-1: Ball
1-1: Foul Ball, location: 2F
1-2: SINGLE (Groundball, 6D)
Felipe Trujillo to third
Runner from 3rd tries for Home, SAFE, no throw
Batting: SHB Vicente Pueblo 0-0: Ball
1-0: Foul Ball, location: 2F
1-1: Ball
2-1: Swinging Strike
2-2: Strikes out swinging
Batting: SHB Dennis Barraclough 0-0: Ball
1-0: Called Strike
1-1: Foul Ball, location: 2F
1-2: SINGLE (Groundball, 6M) (infield hit)
Enrique Costello to second
Batting: RHB Ronald Hines 0-0: Ball
1-0: Swinging Strike
1-1: Swinging Strike
1-2: Ball
2-2: Ball
3-2: Foul Ball, location: 2F
3-2: Foul Ball, location: 2F
3-2: Strikes out swinging
Batting: LHB Sal Bradshaw 0-0: Foul Ball, location: 2F
0-1: Ball
1-1: Ball
2-1: SINGLE (Groundball, 34D)
Enrique Costello to third
Dennis Barraclough to second
Runner from 3rd tries for Home, SAFE, no throw
Batting: SHB Júlio Camacho 0-0: Ball
1-0: Ball
Dennis Barraclough steals 3rd base
Sal Bradshaw to second
2-0: Foul Ball, location: 2F
2-1: DOUBLE (Line Drive, 9)
Dennis Barraclough scores
Sal Bradshaw scores
Pitching: RHP Willis Parker
Batting: LHB Tom Benjamin 0-0: Ball
1-0: Foul Ball, location: 2F
1-1: Swinging Strike
1-2: Strikes out swinging
Top of the 6th over - 4 run(s), 5 hit(s), 0 error(s), 1 left on base; Pawnee 12 - Naperville 3
BOTTOM OF THE 6TH
Naperville Battlekings batting - Pitching for Pawnee ParksNRec : LHP Luis Cuero
Batting: RHB António Guzmán 0-0: Foul Ball, location: 2F
0-1: Ball
1-1: Foul Ball, location: 2F
1-2: Strikes out swinging
Batting: RHB Zeus Preckwinkle 0-0: Ball
1-0: Foul Ball, location: 2F
1-1: Fly out, F8 (Flyball, 8LS)
Batting: RHB Matt Love 0-0: Foul Ball, location: 2F
0-1: Foul Ball, location: 2F
0-2: Fly out, F8 (Flyball, 8LD)
Bottom of the 6th over - 0 run(s), 0 hit(s), 0 error(s), 0 left on base; Pawnee 12 - Naperville 3
TOP OF THE 7TH
Pawnee ParksNRec batting - Pitching for Naperville Battlekings : RHP Willis Parker
Batting: RHB Daryl Moran 0-0: Ball
1-0: Ball
2-0: Ball
3-0: Called Strike
3-1: Base on Balls
Batting: LHB Felipe Trujillo 0-0: Fly out, F7 (Flyball, 7S)
Batting: SHB Enrique Costello 0-0: Fly out, F8 (Flyball, 8RS)
Batting: SHB Vicente Pueblo 0-0: Swinging Strike
0-1: Fielders Choice at 2nd, 6-4 (Groundball, 56)
Top of the 7th over - 0 run(s), 0 hit(s), 0 error(s), 0 left on base; Pawnee 12 - Naperville 3
BOTTOM OF THE 7TH
Naperville Battlekings batting - Pitching for Pawnee ParksNRec : LHP Luis Cuero
Batting: RHB Pancho Núńez 0-0: Foul Ball, location: 2F
0-1: Ground out 2-3 (Groundball, 2R)
Batting: RHB Sergio Pérez 0-0: Called Strike
0-1: Foul Ball, location: 2F
0-2: Strikes out swinging
Batting: LHB Curtis Peters 0-0: Ball
1-0: SINGLE (Groundball, 4D)
Batting: RHB Jorge Baker 0-0: Ball
1-0: Ball
2-0: Ball
3-0: Called Strike
3-1: Base on Balls
Curtis Peters to second
Batting: RHB Ángel Rivera 0-0: Ball
1-0: Called Strike
1-1: Called Strike
1-2: Ball
2-2: Ball
3-2: Strikes out swinging
Bottom of the 7th over - 0 run(s), 1 hit(s), 0 error(s), 2 left on base; Pawnee 12 - Naperville 3
TOP OF THE 8TH
Pawnee ParksNRec batting - Pitching for Naperville Battlekings : RHP Willis Parker
Pinch Hitting: LHB Ernesto Sánchez 0-0: Called Strike
0-1: Ball
1-1: Called Strike
1-2: Foul Ball, location: 2F
1-2: DOUBLE (Flyball, 89XD)
Batting: RHB Ronald Hines 0-0: Ball
1-0: SINGLE (Groundball, 6MD)
Ernesto Sánchez to third
Runner from 3rd tries for Home, SAFE, no throw
Batting: LHB Sal Bradshaw 0-0: Ball
1-0: Called Strike
1-1: Ball
2-1: Ball
3-1: Swinging Strike
3-2: Base on Balls
Ronald Hines to second
Batting: SHB Júlio Camacho 0-0: Called Strike
0-1: Foul Ball, location: 2F
0-2: Ball
1-2: Foul Ball, location: 2F
1-2: Ball
2-2: Foul Ball, location: 2F
2-2: Ball
3-2: Base on Balls
Ronald Hines to third
Sal Bradshaw to second
Batting: LHB Tom Benjamin 0-0: Ball
1-0: Swinging Strike
1-1: Fly out, F9 (Line Drive, 9LM)
Runner from 3rd tags up, SCORES, no throw
Batting: RHB Daryl Moran 0-0: Called Strike
0-1: Called Strike
0-2: Strikes out swinging
Batting: LHB Felipe Trujillo 0-0: Foul Ball, location: 2F
0-1: Foul Ball, location: 2F
0-2: Ball
1-2: Ground out 3-1 (Groundball, 34)
Top of the 8th over - 2 run(s), 2 hit(s), 0 error(s), 2 left on base; Pawnee 14 - Naperville 3
BOTTOM OF THE 8TH
Naperville Battlekings batting - Pitching for Pawnee ParksNRec : LHP Luis Cuero
Now in CF: Jim Unknown
Batting: LHB Joe Cashmore 0-0: Called Strike
0-1: Fly out, F8 (Flyball, 8RS)
Batting: RHB António Guzmán 0-0: Ball
1-0: Foul Ball, location: 2F
1-1: Foul Ball, location: 2F
1-2: SINGLE (Groundball, 56D)
Batting: RHB Zeus Preckwinkle 0-0: Foul Ball, location: 2F
0-1: Ball
1-1: Ball
2-1: Swinging Strike
2-2: Ball
3-2: Grounds into double play, 6-4-3 (Groundball, 6)
Bottom of the 8th over - 0 run(s), 1 hit(s), 0 error(s), 0 left on base; Pawnee 14 - Naperville 3
TOP OF THE 9TH
Pawnee ParksNRec batting - Pitching for Naperville Battlekings : RHP Willis Parker
Batting: SHB Enrique Costello 0-0: Ball
1-0: Ball
2-0: Ground out 6-3 (Groundball, 6MS)
Batting: SHB Vicente Pueblo 0-0: Fly out, F7 (Line Drive, 78S)
Batting: RHB Jim Unknown 0-0: Foul Ball, location: 2F
0-1: Foul Ball, location: 2F
0-2: Ball
1-2: SINGLE (Groundball, 34D)
Batting: RHB Ronald Hines 0-0: Ball
1-0: Ball
Jim Unknown steals 2nd base
2-0: Ball
3-0: Base on Balls
Batting: LHB Sal Bradshaw 0-0: Ball
1-0: Called Strike
1-1: Reached on error, E4 (Groundball, 4)
Jim Unknown to third
Ronald Hines to second
Batting: SHB Júlio Camacho 0-0: Ball
1-0: Ball
2-0: Foul Ball, location: 2F
2-1: Ball
3-1: Fly out, F9 (Line Drive, 9)
Top of the 9th over - 0 run(s), 1 hit(s), 1 error(s), 3 left on base; Pawnee 14 - Naperville 3
BOTTOM OF THE 9TH
Naperville Battlekings batting - Pitching for Pawnee ParksNRec : LHP Luis Cuero
Pitching: RHP Jim Unknown
Batting: RHB Matt Love 0-0: Called Strike
0-1: Ball
1-1: Called Strike
1-2: Strikes out swinging
Batting: RHB Pancho Núńez 0-0: Foul Ball, location: 2F
0-1: Hit by Pitch
Batting: RHB Sergio Pérez 0-0: Swinging Strike
0-1: Ball
1-1: Ball
2-1: Foul Ball, location: 2F
2-2: Fly out, F8 (Flyball, 8LM)
Batting: LHB Curtis Peters 0-0: Called Strike
0-1: DOUBLE (Line Drive, 9D)
Pancho Núńez to third
Runner from 3rd tries for Home, SAFE, no throw
Batting: RHB Jorge Baker 0-0: Foul Ball, location: 2F
0-1: Foul Ball, location: 2F
0-2: Ball
1-2: SINGLE (Flyball, 9LS)
Curtis Peters to third
Runner from 3rd tries for Home, SAFE, no throw
Batting: RHB Ángel Rivera 0-0: Called Strike
0-1: Ball
1-1: SINGLE (Groundball, 6MD)
Jorge Baker to second
Batting: LHB Joe Cashmore 0-0: Ball
1-0: Called Strike
1-1: Ball
2-1: Ball
3-1: Base on Balls
Jorge Baker to third
Ángel Rivera to second
Batting: RHB António Guzmán 0-0: Called Strike
0-1: Fly out, F4 (Popup, 34)
Bottom of the 9th over - 2 run(s), 3 hit(s), 0 error(s), 3 left on base; Pawnee 14 - Naperville 5
Friday, July 14th, 2017 - OOTP Baseball 17.12 Build 75